 Dungeon Crawl Stone Soup version 0.19-a0-1081-g506d7b7 (webtiles) character file.

119 Domsiheim the Skirmisher (level 4, -6/37 HPs)
             Began as a Demonspawn Abyssal Knight on Aug 6, 2016.
             Was a Believer of Lugonu.
             Mangled by a gnoll
             ... wielding a +0 halberd
              (14 damage)
             ... on level 2 of the Dungeon.
             The game lasted 00:19:51 (1908 turns).

Domsiheim the Skirmisher (DsAK)                     Turns: 1908, Time: 00:19:55

Health: -6/37      AC: 10    Str: 13    XL:     4   Next: 74%
Magic:  5/5        EV:  6    Int: 13    God:    Lugonu [**....]
Gold:   117        SH:  0    Dex: 13    Spells: 0 memorised, 3 levels left

rFire  . . .     SeeInvis .     a - +1 mace
rCold  . . .     Gourm    .     o - +0 chain mail
rNeg   . . .     Faith    .     (no shield)
rPois  .         Spirit   .     (no helmet)
rElec  .         Dismiss  .     w - +0 cloak
rCorr  .         Reflect  .     (no gloves)
SustAt .         Harm     .     (no boots)
MR     .....                    (no amulet)
Stlth  ..........               (no ring)
                                n - ring of stealth

@: lethally poisoned (-6 -> -15)
A: powered by death 1
a: Depart the Abyss, Bend Space, Renounce Religion


You were on level 2 of the Dungeon.
You worshipped Lugonu.
Lugonu was pleased with you.
You were not hungry.

You visited 1 branch of the dungeon, and saw 2 of its levels.
You visited the Abyss 1 time.

You collected 117 gold pieces.

Inventory:

Hand Weapons
 a - a +1 mace (weapon)
 e - a +0 whip
 g - a +0 club
 h - a +0 club
 i - a +0 club
 l - a +0 dagger
 m - a +0 club
 p - a +0 whip
 q - a +0 club
 t - a +0 hand axe
 u - a +0 hunting sling of freezing
 x - a +0 flail
 y - a +0 club
 A - a +0 club
 C - a +0 club
Missiles
 d - 12 bolts
 j - 26 stones (quivered)
 r - 17 poisoned needles
 B - 42 arrows
Armour
 b - a +0 leather armour
 k - a +0 ring mail
 o - a +0 chain mail (worn)
 w - a +0 cloak (worn)
Jewellery
 n - a ring of stealth (left hand)
 E - an uncursed amulet of dismissal {unknown}
Scrolls
 s - a scroll of identify
Potions
 z - a potion of flight {unknown}
Comestibles
 c - a bread ration
 f - a royal jelly
 v - 2 chunks of flesh
 D - a beef jerky


   Skills:
 + Level 3.7 Fighting
 + Level 2.9 Maces & Flails
 + Level 2.6 Armour
 + Level 1.8 Dodging
 + Level 2.6 Invocations


You had 3 spell levels left.
You didn't know any spells.

Dungeon Overview and Level Annotations

Branches:
Dungeon (2/15)

Altars:
Kikubaaqudgha
Pakellas
Ru
Vehumet
Yredelemnul
The Shining One


Innate Abilities, Weirdness & Mutations

You regenerate a little health from kills.


Message History

You rip the net and break free!
You feel sick.
The gnoll hits you but does no damage. x2
You hit the gnoll.
The gnoll is lightly wounded.
You feel sick.
The gnoll hits you from afar with a halberd!
* * * LOW HITPOINT WARNING * * *
The gnoll barely misses you.
You hit the gnoll.
The gnoll is moderately wounded.
* * * LOW HITPOINT WARNING * * *
You feel sick. The gnoll barely misses you.
The gnoll hits you but does no damage.
You closely miss the gnoll.
The gnoll is moderately wounded.
* * * LOW HITPOINT WARNING * * *
You feel sick.
The gnoll hits you but does no damage. x2
The gnoll barely misses you.
The gnoll hits you from afar with a halberd!
You die...

###....##...8.....
#.#>###..8.8....
#####.#####.8._.8...
#........##..8.8...#
#.###.##.##...8...##
#.# #.# ##.......#
#.# #.##.###.#.##.#
#.###g......
#..@gg...#
########.... .


You could see 3 gnolls.

Vanquished Creatures
  Terence (D:2)
  3 adders (D:2)
  An ooze (D:1)
  A worm (D:2)
  2 giant geckos
  6 bats (D:1)
  4 giant cockroaches
  6 goblins
  6 hobgoblins
  7 jackals (D:1)
  A quokka (D:2)
  4 giant newts (D:1)
  7 kobolds
  6 rats (D:1)
55 creatures vanquished.

Notes
Turn   | Place    | Note
-------+----------+-------------------------------------------
     0 | Abyss:1  | Domsiheim the Demonspawn Abyssal Knight began the quest for the Orb.
     0 | Abyss:1  | Reached XP level 1. HP: 18/18 MP: 2/2
    20 | Abyss:1  | Noticed a sixfirhy
    43 | Abyss:2  | Noticed a tentacled starspawn
    45 | D:1      | Escaped the Abyss
    83 | D:1      | Gained mutation: You regenerate a little health from kills. [demonic ancestry]
    83 | D:1      | Reached XP level 2. HP: 8/24 MP: 3/3
   515 | D:1      | Reached ** piety under Lugonu
   706 | D:1      | Reached skill level 1 in Dodging
   829 | D:1      | Reached XP level 3. HP: 29/29 MP: 4/4
  1376 | D:2      | Reached XP level 4. HP: 36/36 MP: 5/5
  1681 | D:2      | Found an ancient bone altar of Kikubaaqudgha.
  1681 | D:2      | Found a glowing golden altar of the Shining One.
  1681 | D:2      | Found a radiant altar of Vehumet.
  1681 | D:2      | Found a sacrificial altar of Ru.
  1682 | D:2      | Found an oddly glowing altar of Pakellas.
  1685 | D:2      | Found a basalt altar of Yredelemnul.
  1850 | D:2      | Found a faded altar of an unknown god.
  1885 | D:2      | Noticed Terence
  1901 | D:2      | Killed Terence
  1908 | D:2      | Mangled by a gnoll

Vault maps used:
D:1:      scummos_arrival_star, minmay_heptomino_w4
D:2:      minitemple, ecumenical_altar_2, hangedman_abyss_or_decor_lesser_grid,
          uniq_terence
Abyss:2:  evilmike_abyss_exit_1

Skill      XL: |  1  2 |
---------------+-------+-----
Maces & Flails | 2 |  2.9
Armour         | 2 |  2.6
Dodging        | 1 |  1.8
Fighting       | |  3.7
Invocations    | |  2.6

Action                   |  1- 3 |  4- 6 || total
-------------------------+-------+-------++-------
Melee: Mace              |   121 |    54 ||   175
  Use: Scroll            |     2 |     1 ||     3
       Potion            |     2 |     1 ||     3
  Eat: Chunk             |     2 |     1 ||     3
       Bread ration      |       |     1 ||     1
Armor: Leather armour    |    11 |       ||    11
       Ring mail         |    39 |       ||    39
       Chain mail        |    27 |    23 ||    50
Dodge: Dodged            |    68 |    15 ||    83
